Construct Section Command Post
Construct Platoon Command Post
6-pounder Anti-tank Gun Team
Selects Air and Sea Battlegroup
Selects Commando Section Paradrop
Selects Commando LMG Section Paradrop
Commando LMG Section Paradrop
Construct Company Command Post
Unlock M3 Grant Medium Tanks
6-pounder Anti-tank Gun Team
Selects Anti-tank Rocket Loiter
Unlock Bishop Self-propelled Artillery
Bishop Self-propelled Artillery
Selects Centaur Medium Tank
Commando Section Paradrop